AoeStats
← 武田信長

African Clearing

510465396Analyzed
4v4 RM · 1d ago on Oct 1, 2026· 61m 16s· 8 players
Game mode
Random Map
Map size
Large (8 player)
Population
200
Speed
Normal
Resources
Standard
Victory
Conquest
Starting age
Dark Age
Ending age
Imperial Age
RankedLock teamsTeams togetherTeam positionsShared explorationLock speedFull tech treeHidden civsTurbo modeCheats
Victory
Defeat
🇺🇸 Varangians · United States
1484
+13
🇳🇿 Dravidians · New Zealand
1442
+15
1363
+18
🇨🇳 Mongols · China
1319
+21
🇨🇳 Huns · China
1427
-17
🇨🇳 Burmese · China
1418
-17
🇮🇩 Gurjaras · Indonesia
1414
-17
🇹🇼 Italians · Taiwan
1399
-16
武田信長
5:49 Loom
14:03 Feudal Age
18:17 Castle Age
16:46 Horse Collar
17:19 Gold Mining
18:52 Double-Bit Axe
19:11 Heavy Plow
23:37 Fletching
24:28 Bodkin Arrow
26:54 Ballistics
26:49 Padded Archer Armor
27:54 Leather Archer Armor
30:12 Wheelbarrow
29:48 Town Watch
33:21 Imperial Age
31:36 Hand Cart
32:20 Bow Saw
33:22 Elite Genoese Crossbowman
34:24 Bracer
34:55 Ring Archer Armor
35:27 Conscription
36:37 Chemistry
37:23 Ring Archer Armor
37:54 Scale Mail Armor
38:04 Forging
39:37 Town Patrol
40:45 Squires
41:58 Chain Mail Armor
42:19 Iron Casting
44:13 Thumb Ring
46:28 Hoardings
46:33 Plate Mail Armor
47:03 Blast Furnace
45:51 Arson
48:23 Two-Man Saw
52:39 Masonry
59:21 Architecture
酒醉上義姬
10:21 Loom
13:28 Feudal Age
13:54 Double-Bit Axe
13:51 Horse Collar
14:38 Horse Collar
19:53 Bloodlines
22:57 Forging
24:24 Scale Barding Armor
29:08 Wheelbarrow
30:01 Town Watch
36:34 Castle Age
36:28 Gold Mining
37:38 Bow Saw
42:16 Husbandry
42:47 Hand Cart
44:37 Heavy Plow
45:50 Gold Shaft Mining
49:03 Imperial Age
51:12 Chemistry
51:01 Iron Casting
50:46 Chain Barding Armor
50:32 Elite Shrivamsha Rider
51:03 Siege Elephant
53:40 Plate Barding Armor
52:56 Fletching
54:48 Crop Rotation
54:43 Scale Mail Armor
58:14 Ballistics
58:11 Careening
57:35 Elite Elephant Archer
58:23 Thumb Ring
58:42 Conscription
58:47 Frontier Guards
58:57 Kshatriyas
58:59 Bodkin Arrow
59:04 Padded Archer Armor
hoot
9:42 Loom
11:48 Feudal Age
12:42 Double-Bit Axe
13:33 Town Watch
16:58 Forging
17:46 Horse Collar
22:58 Castle Age
31:28 Wheelbarrow
31:46 Bow Saw
33:40 Heavy Plow
35:08 Hand Cart
40:12 Imperial Age
38:15 Gold Mining
38:32 Scale Barding Armor
38:50 Marauders
38:52 Husbandry
39:41 Gold Shaft Mining
39:46 Chain Barding Armor
40:07 Bloodlines
41:39 Plate Barding Armor
41:31 Elite Tarkan
47:11 Iron Casting
48:27 Light Cavalry
53:16 Blast Furnace
UU
5:56 Loom
13:59 Feudal Age
19:44 Castle Age
19:47 Town Watch
20:17 Horse Collar
21:32 Stone Mining
25:45 Wheelbarrow
29:05 Gold Mining
32:10 Ballistics
32:19 Manipur Cavalry
33:03 Husbandry
33:14 Bloodlines
37:39 Imperial Age
34:45 Pikeman
35:11 Arson
35:45 Heavy Plow
36:30 Padded Archer Armor
36:52 Scale Mail Armor
37:03 Forging
38:18 Town Patrol
38:36 Hand Cart
38:47 Chain Mail Armor
39:02 Squires
38:23 Halberdier
39:35 Conscription
40:44 Conscription
41:37 Chemistry
40:44 Siege Engineers
40:52 Masonry
41:25 Parthian Tactics
41:19 Elite Arambai
49:06 Plate Mail Armor
49:58 Fletching
55:21 Iron Casting
58:10 Capped Ram
2rich4u81
6:38 Loom
12:41 Feudal Age
13:17 Double-Bit Axe
13:45 Horse Collar
14:33 Bloodlines
20:02 Scale Barding Armor
23:34 Castle Age
22:38 Forging
23:12 Gold Mining
23:13 Stone Mining
24:28 Husbandry
31:42 Wheelbarrow
34:38 Chain Barding Armor
34:54 Iron Casting
38:13 Imperial Age
36:21 Hand Cart
36:17 Arson
36:32 Squires
36:18 Gambesons
37:01 Bow Saw
37:43 Scale Mail Armor
38:19 Elite Varangian Guard
38:23 Gothikon
39:24 Conscription
38:40 Light Cavalry
41:23 Chain Mail Armor
42:08 Blast Furnace
42:41 Stone Shaft Mining
48:57 Plate Mail Armor
48:25 Elite Skirmisher
49:51 Fletching
51:14 Two-Man Saw
51:40 Bodkin Arrow
51:46 Padded Archer Armor
54:03 Leather Archer Armor
53:48 Bracer
58:55 Heavy Plow
59:10 Vendel Legacy
61:48 Ring Archer Armor
61:54 Plate Barding Armor
哭稀饭(2125613428)
3:11 Loom
13:39 Feudal Age
18:22 Castle Age
19:15 Double-Bit Axe
23:43 Fishing Lines
26:25 Gillnets
28:15 Fletching
30:40 Wheelbarrow
31:49 Bow Saw
31:59 Horse Collar
33:06 Hand Cart
33:30 Bodkin Arrow
35:51 Ballistics
35:45 Treadmill Crane
37:19 Thumb Ring
40:48 Imperial Age
41:28 Imperial Age
39:02 Stone Mining
39:02 Gold Mining
39:58 Fortified Wall
39:51 Pikeman
40:32 Squires
43:02 Bracer
45:03 Heavy Plow
44:52 Elite War Wagon
45:54 Conscription
46:57 Chemistry
46:45 Halberdier
53:31 Heavy Rocket Cart
55:18 Shinkichon
55:42 Siege Engineers
55:39 Caravan
55:14 Elite Skirmisher
60:10 Scale Mail Armor
60:20 Forging
goldenseed
6:43 Loom
11:19 Feudal Age
12:09 Double-Bit Axe
15:21 Scale Barding Armor
16:14 Town Watch
17:07 Horse Collar
17:42 Scale Mail Armor
18:11 Bloodlines
23:31 Castle Age
22:32 Forging
23:36 Light Cavalry
24:16 Husbandry
24:51 Chain Barding Armor
27:24 Bow Saw
30:30 Wheelbarrow
31:42 Gold Mining
31:42 Stone Mining
32:08 Heavy Plow
32:56 Stone Mining
33:42 Gold Shaft Mining
33:48 Gold Shaft Mining
36:38 Imperial Age
34:35 Fletching
34:46 Padded Archer Armor
35:10 Ballistics
35:50 Bodkin Arrow
36:34 Leather Archer Armor
36:42 Fortified Wall
37:19 Hand Cart
37:04 Town Patrol
38:41 Stone Shaft Mining
38:10 Bracer
39:14 Chemistry
39:14 Siege Engineers
40:30 Conscription
42:04 Thumb Ring
42:26 Parthian Tactics
41:57 Elite Mangudai
42:53 Capped Ram
46:22 Nomads
47:02 Coinage
46:03 Siege Ram
48:32 Drill
49:28 Iron Casting
49:34 Murder Holes
49:36 Cavalier
49:36 Heavy Camel Rider
52:26 Banking
53:19 Masonry
54:42 Blast Furnace
54:57 Hussar
56:20 Careening
56:13 Scale Mail Armor
57:31 Chain Mail Armor
JayJayNico
9:05 Loom
13:46 Feudal Age
17:57 Castle Age
16:43 Double-Bit Axe
18:06 Fletching
19:48 Bow Saw
22:42 Ballistics
29:42 Wheelbarrow
29:35 Arson
29:41 Horse Collar
34:04 Hand Cart
33:34 Town Watch
35:48 Stone Mining
35:48 Gold Mining
36:04 Heavy Plow
36:08 Elite Skirmisher
39:30 Imperial Age
37:40 Masonry
38:00 Bodkin Arrow
38:06 Padded Archer Armor
39:11 Thumb Ring
39:49 Leather Archer Armor
41:34 Chemistry
40:35 Bracer
42:18 Ring Archer Armor
46:29 Two-Man Saw
49:34 Squires
49:35 Scale Mail Armor
51:39 Chain Mail Armor
51:35 Forging
50:56 Pikeman
52:18 Murder Holes
53:12 Plate Mail Armor
53:18 Wootz Steel
54:24 Iron Casting
54:14 Conscription
53:50 Elite Urumi Swordsman
55:08 Hoardings
56:12 Blast Furnace
60:07 Guilds
Connection lost

Rejoining the realm…

Still unreachable

The connection could not be restored.

Session expired

The server has moved on; the page needs a fresh start.